 Dungeon Crawl Stone Soup version 0.27-a0-3-gcf006a40f5 (webtiles) character file.

Game seed: 7612042624284516155

157 sokol815 the Sneak (level 5, 0/31 HPs)
             Began as an Octopode Enchanter on Jan 1, 2021.
             Slain by a gnoll
             ... wielding a +0 spear
              (5 damage)
             ... on level 4 of the Dungeon.
             The game lasted 00:05:35 (2683 turns).

sokol815 the Sneak (Octopode Enchanter)             Turns: 2683, Time: 00:05:36

Health: 0/31       AC:  1    Str:  7    XL:     5   Next: 38%
Magic:  8/8        EV:  7    Int: 18    God:
Gold:   142        SH:  0    Dex: 13    Spells: 7/8 levels left

rFire    . . .     SeeInvis .   b - +1 dagger (elec)
rCold    . . .     Faith    .   (no shield)
rNeg     . . .     Spirit   .   (helmet restricted)
rPois    .         Reflect  .   l - amulet of regeneration {+regen, !d}
rElec    .         Harm     .   j - ring of resist corrosion
rCorr    +         Rampage  .   (no ring)
Will     .....                  (no ring)
Stlth    ++++......             (no ring)
HPRegen  0.50/turn              (no ring)
MPRegen  0.11/turn              (no ring)
                                (no ring)
                                (no ring)

@: about to teleport, held
A: almost no armour, stealthy swim, amphibious, 8 rings, constrict 8, camouflage
1, gelatinous body 1
a: no special abilities


You were on level 4 of the Dungeon.
You visited 1 branch of the dungeon, and saw 4 of its levels.

You collected 142 gold pieces.

Inventory:

Hand Weapons
 b - a +1 dagger of electrocution (weapon)
   (You took it off a goblin on level 1 of the Dungeon)
 r - a +0 hunting sling
   (You took it off a goblin on level 2 of the Dungeon)
Missiles
 i - 113 stones
 n - 26 poisoned darts
Jewellery
 j - a ring of resist corrosion (left tentacle)
   (You found it on level 1 of the Dungeon)
 l - an amulet of regeneration (around mantle) {+regen, !d}
   (You found it on level 1 of the Dungeon)
 p - an uncursed amulet of reflection {unknown}
   (You found it on level 2 of the Dungeon)
Wands
 t - a wand of random effects (19)
   (You found it on level 3 of the Dungeon)
Scrolls
 a - 2 scrolls of enchant weapon {unknown}
 c - 2 scrolls of identify {unknown}
 d - a scroll of enchant armour {unknown}
 e - 2 scrolls of magic mapping {unknown}
 h - 2 scrolls of amnesia
 k - 3 scrolls of remove curse {unknown}
 m - 3 scrolls of teleportation
 o - a scroll of fear {unknown}
 s - a scroll of random uselessness {unknown}
Potions
 f - 3 potions of heal wounds {unknown}
 g - a potion of curing
 q - a potion of haste {unknown}
 u - a potion of lignification {unknown}


   Skills:
 * Level 3.5 Short Blades
 + Level 2.0 Dodging
 + Level 5.4 Stealth
 - Level 2.0 Spellcasting
 + Level 3.9 Hexes


You had 7 spell levels left.
You knew the following spells:

 Your Spells              Type           Power        Failure   Level
v - Corona                Hex            17%          3%          1

Your spell library contained the following spells:

 Spells                   Type           Power        Failure   Level
 Confusing Touch          Hex            16%          11%         3
 Tukima's Dance           Hex            16%          11%         3
 Ensorcelled Hibernation  Hex/Ice        16%          12%         2
 Dazzling Flash           Conj/Hex       16%          24%         3


Dungeon Overview and Level Annotations

Branches:
Dungeon (4/15)
 Temple: D:4-7

Altars:
Cheibriados
Hepliaklqana


Innate Abilities, Weirdness & Mutations

You cannot wear most types of armour.
You are very stealthy in the water. (Stealth+)
You are amphibious.
You can wear up to eight rings at the same time.
You can use your tentacles to constrict eight enemies at once.
Your skin changes colour to match your surroundings (Stealth+).
Your rubbery body absorbs attacks. (AC +1, EV +1)


Message History

The jackal closely misses you.
You hit the jackal. Lightning courses through the jackal!
You kill the jackal!
No target in view!
No target in view!
Things that are here:
a jackal corpse; a rat skeleton; Health restored: 31 You see here a ring mail.
Found a stone staircase leading down.
k - 3 scrolls labelled SOMNAAZEQA (gained 1)
A bat, an orc and a dart slug come into view.
Found a stone staircase leading down.
There is a stone staircase leading down here.
The helpless orc fails to defend itself.
You impale the orc!! Lightning courses through the orc!
You kill the orc!
The dart slug bites you but does no damage.
You hit the dart slug. You grab the dart slug. You constrict the dart slug.
You hit the dart slug.
Lightning courses through the dart slug!!
You kill the dart slug!
You see here a +0 scale mail.
The helpless bat fails to defend itself.
You impale the bat!!
You kill the bat!
No target in view!
You see here a +0 scale mail.
There is a stone staircase leading down here.
u - an emerald potion A kobold comes into view.
It is wielding a +0 short sword.
A quokka comes into view.
The helpless quokka fails to defend itself.
You impale the quokka!! Lightning courses through the quokka!
You kill the quokka!
No target in view!
No target in view!
You now have 142 gold pieces (gained 15).
A kobold is nearby!
The helpless kobold fails to defend itself.
You impale the kobold!!
You kill the kobold!
No target in view!
i - 113 stones (gained 2)
Things that are here:
a +0 short sword; a kobold corpse A goblin comes into view.
It is wielding a +0 club.
The goblin shouts!
You hit the goblin. Your grab misses the goblin. The goblin barely misses you.
You miss the goblin. Your grab misses the goblin. You closely miss the goblin.
Your grab misses the goblin. The goblin barely misses you.
You hit the goblin. Your grab misses the goblin.
The goblin hits you but does no damage.
You hit the goblin.
You kill the goblin!
No target in view!
No target in view!
Found a hazy altar of Hepliaklqana.
Things that are here:
a +0 club; a goblin corpse
Found a snail-covered altar of Cheibriados.
Things that are here:
a +0 club; a goblin corpse
Things that are here:
a +0 short sword; a kobold corpse Done exploring.
(D) Dungeon
Where to? (Enter - D:3, ? - help)
There is a stone staircase leading down here.
You climb downwards. 4 gnolls come into view.
The gnoll shouts! x2; You hear a shout!
The gnoll shouts!
There is a stone staircase leading up here.
The gnoll throws a throwing net.
The throwing net hits you.
You become entangled in the net!
You stop ascending the stairs.
You struggle against the net.
You struggle against the net.
A phantom comes into view.
You are held in a net!
You struggle against the net.
An orc comes into view. It is wielding a +0 hand axe.
A worm comes into view.
The gnoll hits you but does no damage.
As you read the scroll labelled BAJAOK ALY, it crumbles to dust.
It is a scroll of amnesia.
Really abort (and waste the scroll)?
Okay, then.
The gnoll hits you.
The gnoll hits you from afar with a +0 spear!
The gnoll hits you!
You take 21 damage, and have 10/31 hp.
MASSIVE DAMAGE!!
Okay, then.
As you read the scroll labelled ATEEM HEFIGIEQI, it crumbles to dust.
You feel strangely unstable.
It was a scroll of teleportation.
The gnoll hits you.
* * * LOW HITPOINT WARNING * * *
The gnoll hits you from afar with a +0 spear.
You die...

...............
...............
........W......
$............w.
...............
#..............
#...(.g.g.....
#....@.g..o..
##....g......
##..........
............
.............
......##.......
....## .......
...# .......


You could see a phantom, a worm, 4 gnolls and an orc.

Vanquished Creatures
  An orc wizard (D:3)
  Terence (D:2)
  2 adders (D:3)
  2 oozes (D:2)
  A worm (D:3)
  2 dart slugs (D:3)
  3 leopard geckos
  5 orcs (D:3)
  8 bats
  A giant cockroach (D:1)
  9 goblins
  2 hobgoblins (D:3)
  2 jackals (D:3)
  8 kobolds
  3 quokkas
  A ball python (D:3)
  7 frilled lizards
  6 rats
64 creatures vanquished.

Vanquished Creatures (others)
  4 plants (D:3)
4 creatures vanquished.

Grand Total: 68 creatures vanquished

Notes
Turn   | Place    | Note
-------+----------+-------------------------------------------
     0 | D:1      | sokol815 the Octopode Enchanter began the quest for the
                  | Orb.
     0 | D:1      | Reached XP level 1. HP: 11/11 MP: 3/3
   513 | D:1      | Reached XP level 2. HP: 5/17 MP: 5/5
  1463 | D:2      | Reached XP level 3. HP: 18/21 MP: 6/6
  1538 | D:2      | Reached skill level 2 in Short Blades
  1825 | D:2      | Noticed Terence
  1832 | D:2      | Killed Terence
  1833 | D:2      | Reached XP level 4. HP: 14/27 MP: 5/7
  1981 | D:3      | Reached skill level 5 in Stealth
  2153 | D:3      | Reached skill level 3 in Short Blades
  2192 | D:3      | Noticed a sky beast
  2210 | D:3      | HP: 1/27 [something (6)]
  2235 | D:2      | HP: 4/27 [sky beast (6)]
  2293 | D:3      | Reached XP level 5. HP: 27/31 MP: 8/8
  2548 | D:3      | Found a hazy altar of Hepliaklqana.
  2552 | D:3      | Found a snail-covered altar of Cheibriados.
  2680 | D:4      | Noticed a phantom
  2683 | D:4      | HP: 5/31 [gnoll (5)]
  2683 | D:4      | Slain by a gnoll

Illustrated notes

Levels and vault maps discovered:
D:1:      dpeg_arrival_leaves_temple_mockup, layout_basic
D:2:      layout_loops_ring, uniq_terence
D:3:      layout_rooms, minitemple, minmay_misc_feat_enclosed,
          serial_bayou_pond_a
D:4:      layout_layer_cave, kennysheep_mini_moat

Skill      XL: |  1  2  3  4 |
---------------+-------------+-----
Short Blades   | 2 3 |  3.5
Stealth        | 5 |  5.4
Dodging        | |  2.0
Spellcasting   | |  2.0
Hexes          | |  3.9

Action                   |  1- 3 |  4- 6 || total
-------------------------+-------+-------++-------
Melee: Dagger            |    50 |    73 ||   123
       Constrict         |    10 |    17 ||    27
       Tentacles         |     1 |     7 ||     8
Throw: Stone             |     4 |       ||     4
 Cast: Corona            |     2 |       ||     2
  Use: Scroll            |       |     2 ||     2
 Stab: Sleeping          |    10 |    10 ||    20
Armor: Skin              |     3 |     3 ||     6
Dodge: Dodged            |    29 |    22 ||    51

Table legend: (Time is in decaauts)
 A = Elapsed time spent in this place.
 B = Non-inter-level travel time spent in this place.
 C = Inter-level travel time spent in this place.
 D = Time resting spent in this place.
 E = Time spent auto-exploring this place.
 F = Levels seen in this place.
 G = Mean time per level.
                   A        B        C        D        E       F      G
               +--------+--------+--------+--------+--------+-----+--------+
         Total |   2668 |   2478 |    190 |    252 |   1732 |   4 |  667.0 |
       Dungeon |   2668 |   2478 |    190 |    252 |   1732 |   4 |  667.0 |
               +--------+--------+--------+--------+--------+-----+--------+

Top non-repeatable levels by time:
     D:1: 1352 daAuts
     D:2: 669 daAuts
     D:3: 641 daAuts
     D:4: 5 daAuts

Table legend:
 A = Kills in this place as a percentage of kills in entire the game.
 B = Kills by you in this place as a percentage of kills by you in the entire game.
 C = Kills by friends in this place as a percentage of kills by friends in the entire game.
 D = Other kills in this place as a percentage of other kills in the entire game.
 E = Experience gained in this place as a percentage of experience gained in the entire game.
 F = Experience gained in this place divided by the number of levels of this place that you have seen.
                   A       B       C       D       E      F
               +-------+-------+-------+-------+-------+----------------------
         Total | 100.0 | 100.0 |   N/A |   N/A | 100.0 |  56.2
       Dungeon | 100.0 | 100.0 |   N/A |   N/A | 100.0 |  56.2
               +-------+-------+-------+-------+-------+----------------------
